 Dungeon Crawl Stone Soup version 0.20.1-1-g8b1a95d (webtiles) character file.

6126 polve the Slicer (level 10, -12/47 HPs)
             Began as a Vine Stalker Fighter on July 31, 2017.
             Was the Champion of Uskayaw.
             Mangled by a death yak (14 damage)
             ... on level 9 of the Dungeon.
             The game lasted 00:08:55 (6765 turns).

polve the Slicer (Vine Stalker Fighter)             Turns: 6765, Time: 00:08:56

Health: -12/47     AC:  9    Str: 19    XL:     10   Next: 89%
Magic:  0/16       EV:  7    Int:  8    God:    Uskayaw [******]
Gold:   607        SH: 13    Dex: 17    Spells: 9/9 levels left

rFire    . . .     SeeInvis .   a - +2 dagger (elec)
rCold    . . .     Gourm    .   c - +0 shield
rNeg     . . .     Faith    .   l - +0 chain mail
rPois    .         Spirit   +   (helmet restricted)
rElec    .         Reflect  .   (no cloak)
rCorr    .         Harm     .   (no gloves)
MR       ++...                  t - +0 pair of boots
Stlth    +++.......             F - amulet of rage
Regen    0.6/turn               g - +3 ring of evasion
MPRegen  0.2/turn               q - ring of stealth

@: no status effects
A: antennae 1, fangs 3, large bone plates 1, magic resistance 1, regeneration 1,
magic shield, antimagic bite, no potion heal 3, rot immunity
a: Stomp, Line Pass, Grand Finale, Renounce Religion, Evoke Berserk Rage


You were on level 9 of the Dungeon.
You worshipped Uskayaw.
Uskayaw was noncommittal.
You were very hungry.

You visited 1 branch of the dungeon, and saw 9 of its levels.

You collected 607 gold pieces.

Inventory:

Hand Weapons
 a - a +2 dagger of electrocution (weapon)
 b - a +2 dagger of draining
Armour
 c - a +0 shield (worn)
 l - a +0 chain mail (worn)
 t - a +0 pair of boots (worn)
Jewellery
 g - a +3 ring of evasion (left hand)
 q - a ring of stealth (right hand)
 s - an uncursed ring of protection from fire
 F - an amulet of rage (around neck)
Scrolls
 e - 3 scrolls of remove curse
 i - 2 scrolls of magic mapping
 j - a scroll of fog {unknown}
 n - a scroll of identify
 r - 3 scrolls of recharging
 w - a scroll of silence {unknown}
 x - a scroll of enchant armour {unknown}
 z - a scroll of torment {unknown}
 A - 4 scrolls of teleportation
Potions
 d - 3 potions of might
 m - a potion of agility
 p - a potion of resistance {unknown}
 y - 3 potions of magic
 E - a potion of lignification {unknown}
Comestibles
 f - 8 bread rations
 h - 7 royal jellies
 k - 3 meat rations
 v - 7 fruits


   Skills:
 + Level 2.7 Fighting
 - Level 10.0(10.3) Short Blades
   Level 4.3(7.7) Long Blades
 - Level 2.4 Armour
 - Level 10.0 Stealth
 - Level 2.6 Shields
 + Level 7.6 Invocations


You had 9 spell levels left.
You didn't know any spells.

Dungeon Overview and Level Annotations

Branches:
Dungeon (9/15)             Temple (0/1) D:4            Lair (0/6) D:9
    Orc: D:9-12

Altars:
Ashenzari
Cheibriados
Fedhas
Kikubaaqudgha
Ru
Sif Muna
Uskayaw
Vehumet
Yredelemnul
Zin
The Shining One

Shops:
D:6 *?


Innate Abilities, Weirdness & Mutations

You have razor-sharp teeth.
Your natural rate of healing is unusually fast.
When hurt, damage is shared between your health and your magic reserves.
Your bite disrupts and absorbs the magic of your enemies.
Potions cannot restore your health.
You are immune to rotting.
You have a pair of small antennae on your head.
You are partially covered in large bone plates. (SH +4)
You are resistant to hostile enchantments. (MR+)


Message History

The death yak is severely wounded.
The death yak closely misses you.
You hit the death yak.
The death yak is severely wounded.
The death yak completely misses you. You block the river rat's attack.
You hit the death yak.
You bite the death yak, but do no damage.
The death yak is severely wounded.
The death yak gores you!
* * * LOW HITPOINT WARNING * * *
You block the death yak's attack.
Your shield and chain mail prevent you from hitting the death yak.
The death yak is severely wounded.
You block the river rat's attack.
You hit the death yak but do no damage.
The death yak is severely wounded.
The death yak gores you!!
* * * LOW HITPOINT WARNING * * *
The death yak gores you!
You die...

#######.........
#####... ..>..
#..####### <.......
..%... #..# # ........
.#.#.. #..# # #####...
...... #..# # . ...?..##
#..#######
.....########.........
##.rY................
#.##..Y@................
#......†................
####....................
#..)†................
#....................
..........(............
.................#######
####..#########..# # #..
#..# #


You could see 2 death yaks and a river rat.

Vanquished Creatures
  A two-headed ogre (D:8)
  A death yak (D:9)
  The ghost of Paps the Protected, a novice GrFi of Okawaru (D:8)
  A hornet (D:9)
  A hippogriff (D:7)
  A spriggan (D:8)
  A wyvern (D:8)
  2 hungry ghosts
  2 sky beasts
  6 ogres
  2 phantoms
  5 centaurs
  4 bullfrogs
  8 killer bees
  4 wights (D:8)
  2 howler monkeys
  5 crimson imps
  2 bullfrog zombies
  2 bullfrog skeletons
  2 hounds
  A jelly (D:5)
  A gnoll shaman (D:7)
  4 orc priests
  A centaur skeleton (D:4)
  A hell rat (D:9)
  4 orc wizards
  6 iguanas
  7 worker ants
  2 worker ant zombies
  10 adders
  8 gnolls
  2 river rats (D:9)
  3 shadow imps
  An ooze (D:2)
  An adder zombie (D:9)
  3 adder skeletons
  3 worms
  4 dart slugs
  5 leopard geckos
  30 orcs
  6 giant cockroaches
  3 goblins
  8 hobgoblins
  10 jackals
  5 kobolds
  3 quokkas
  A ball python (D:3)
  4 bats
  5 frilled lizards
  A leopard gecko zombie (D:5)
  8 rats
204 creatures vanquished.

Notes
Turn   | Place    | Note
-------+----------+-------------------------------------------
     0 | D:1      | polve the Vine Stalker Fighter began the quest for the Orb.
     0 | D:1      | Reached XP level 1. HP: 11/11 MP: 2/2
   273 | D:1      | Reached XP level 2. HP: 12/16 MP: 3/3
  1153 | D:2      | Found an ancient bone altar of Kikubaaqudgha.
  1157 | D:2      | Reached XP level 3. HP: 16/19 MP: 2/4
  1207 | D:2      | Found a sacrificial altar of Ru.
  1207 | D:2      | Found a hide-covered altar of Uskayaw.
  1207 | D:2      | Found a radiant altar of Vehumet.
  1210 | D:2      | Found a deep blue altar of Sif Muna.
  1210 | D:2      | Found a glowing silver altar of Zin.
  1210 | D:2      | Found a shattered altar of Ashenzari.
  1210 | D:2      | Found a blossoming altar of Fedhas.
  1257 | D:2      | Became a worshipper of Uskayaw the Reveler
  1311 | D:2      | Reached * piety under Uskayaw
  1318 | D:2      | Reached ** piety under Uskayaw
  1613 | D:2      | Gained mutation: Your natural rate of healing is unusually fast. [Vine Stalker growth]
  1613 | D:2      | Reached XP level 4. HP: 23/23 MP: 5/5
  2247 | D:4      | Reached skill level 1 in Short Blades
  2247 | D:4      | Reached XP level 5. HP: 22/27 MP: 4/6
  2253 | D:4      | Reached *** piety under Uskayaw
  2493 | D:4      | Reached XP level 6. HP: 32/32 MP: 7/7
  2499 | D:4      | Found a staircase to the Ecumenical Temple.
  2574 | D:4      | Reached **** piety under Uskayaw
  2641 | D:4      | Reached XP level 7. HP: 35/35 MP: 8/8
  2681 | D:4      | Found a snail-covered altar of Cheibriados.
  2841 | D:5      | Entered Level 5 of the Dungeon
  2874 | D:5      | Reached skill level 5 in Short Blades
  3320 | D:5      | Gained mutation: You have razor-sharp teeth. [Vine Stalker growth]
  3320 | D:5      | Reached XP level 8. HP: 39/39 MP: 9/9
  4099 | D:6      | Found Ethijar's General Store.
  4165 | D:6      | Found a glowing golden altar of the Shining One.
  4405 | D:6      | Found Kepheap's Magic Scroll Boutique.
  4458 | D:6      | Gained mutation: You are clumsy. (Dex -2) [mutagenic meat]
  4459 | D:6      | Gained mutation: Your muscles are strong. (Str +2) [mutagenic meat]
  4561 | D:6      | Reached XP level 9. HP: 43/43 MP: 10/10
  4996 | D:7      | Reached skill level 10 in Short Blades
  5023 | D:7      | Reached skill level 1 in Stealth
  5187 | D:7      | Reached skill level 1 in Invocations
  5661 | D:8      | Noticed Paps's ghost (novice GrFi)
  5685 | D:8      | Killed Paps's ghost
  5755 | D:8      | Reached XP level 10. HP: 45/47 MP: 14/14
  5910 | D:8      | Found a basalt altar of Yredelemnul.
  6048 | D:8      | Reached skill level 5 in Invocations
  6294 | D:8      | Noticed a two-headed ogre
  6301 | D:8      | Killed a two-headed ogre
  6562 | D:9      | Reached ***** piety under Uskayaw
  6577 | D:9      | Gained mutation: Your magical capacity is low. (-10% MP) [mutagenic meat]
  6578 | D:9      | Gained mutation: Your body sometimes deteriorates upon taking damage. [mutagenic meat]
  6584 | D:9      | Lost mutation: Your body sometimes deteriorates upon taking damage. [potion of mutation]
  6584 | D:9      | Lost mutation: Your magical capacity is low. (-10% MP) [potion of mutation]
  6584 | D:9      | Lost mutation: Your muscles are strong. (Str +2) [potion of mutation]
  6584 | D:9      | Lost mutation: You are clumsy. (Dex -2) [potion of mutation]
  6584 | D:9      | Gained mutation: You are resistant to hostile enchantments. (MR+) [potion of mutation]
  6584 | D:9      | Gained mutation: You are partially covered in large bone plates. (SH +4) [potion of mutation]
  6584 | D:9      | Gained mutation: You have a pair of small antennae on your head. [potion of mutation]
  6747 | D:9      | Noticed a death yak
  6749 | D:9      | Noticed a death yak
  6749 | D:9      | Found a staircase to the Lair.
  6749 | D:9      | Noticed a death yak
  6755 | D:9      | Killed a death yak
  6755 | D:9      | Reached skill level 10 in Stealth
  6760 | D:9      | Reached ****** piety under Uskayaw
  6765 | D:9      | HP: 2/47 [death yak (15)]
  6765 | D:9      | Mangled by a death yak

Skill      XL: |  1  2  3  4  5  6  7  8  9 10 |
---------------+-------------------------------+-----
Long Blades    | 2 3 4 |  4.3
Short Blades   | 1 3 4 6 9 10 | 10.0
Stealth        | 6 10 | 10.0
Invocations    | 4 7 |  7.6
Fighting       | |  2.7
Armour         | |  2.4
Shields        | |  2.6

Action                   |  1- 3 |  4- 6 |  7- 9 | 10-12 || total
-------------------------+-------+-------+-------+-------++-------
Melee: Long sword        |    26 |       |       |       ||    26
       Bite              |    25 |    41 |   115 |    48 ||   229
       Dagger            |    45 |   145 |   298 |   133 ||   621
  Use: Scroll            |       |     5 |     1 |     3 ||     9
       Potion            |       |       |     1 |     3 ||     4
 Stab: Paralysed         |       |     1 |     9 |     9 ||    19
       Sleeping          |       |       |       |     2 ||     2
  Eat: Chunk             |     2 |     4 |    12 |     4 ||    22
Armor: Scale mail        |    14 |       |       |       ||    14
       Chain mail        |    10 |    52 |    57 |    19 ||   138
Dodge: Dodged            |    14 |    27 |    38 |    27 ||   106
Block: Shield            |    20 |    60 |   100 |    56 ||   236
       Rpst.: Long sword |     2 |       |       |       ||     2
